 Dungeon Crawl Stone Soup version 0.18.1-8-gdd0e5ea (webtiles) character file.

5450 m0ast the Grappler (level 10, -1/86 HPs)
             Began as a Ghoul Monk on May 21, 2016.
             Was a Follower of Ru.
             Slain by a griffon (2 damage)
             ... on level 7 of the Dungeon.
             The game lasted 00:53:13 (12823 turns).

m0ast the Grappler (Ghoul Monk)                    Turns: 12823, Time: 00:53:22

Health: -1/86      AC:  5    Str: 17    XL:     10   Next: 68%
Magic:  13/15      EV: 15    Int:  5    God:    Ru [*.....]
Gold:   376        SH:  0    Dex: 13    Spells: 1 memorised, 15 levels left

rFire  . . .     SeeInvis .       - Unarmed
rCold  + + .     Gourm    .     E - +2 robe {rC+}
rNeg   + + +     Faith    +     (no shield)
rPois  ∞         Spirit   .     e - +2 hat
rElec  .         Dismiss  .     w - +1 cloak {rPois}
rCorr  .         Reflect  .     (no gloves)
SustAt .         Harm     .     (no boots)
MR     .....                    k - amulet of faith
Stlth  ++++......               (no ring)
                                G - ring of wizardry

@: swift (expiring), rotting, quick, not resistant to hostile enchantments,
stealthy
A: rotting body, claws 1, carnivore 3, cold resistance 1, negative energy
resistance 3, slow regeneration 1, torment resistance, unbreathing, reduced AC 1
a: Renounce Religion


You were on level 7 of the Dungeon.
You worshipped Ru.
Ru was aware of your devotion.
You were not hungry.

You visited 2 branches of the dungeon, and saw 9 of its levels.

You collected 396 gold pieces.
You spent 20 gold pieces at shops.

Inventory:

Hand Weapons
 v - a +2 quarterstaff of chaos
Armour
 a - a +0 robe
 e - a +2 hat (worn)
 p - a +0 leather armour
 w - a +1 cloak of poison resistance (worn)
 E - a +2 robe of cold resistance (worn)
Jewellery
 k - an amulet of faith (around neck)
 z - an uncursed ring of protection from cold
 G - a ring of wizardry (left claw)
Wands
 r - a wand of confusion (17/48)
 s - a wand of disintegration (9/24)
 t - a wand of polymorph (12/24)
 H - a wand of paralysis (13/24)
Scrolls
 c - 2 scrolls of enchant weapon {unknown}
 d - a scroll of immolation {unknown}
 f - 2 scrolls of random uselessness {unknown}
 g - 3 scrolls of identify
 h - 3 scrolls of remove curse
 i - 2 scrolls of amnesia
 n - 4 scrolls of fog {unknown}
 o - 2 scrolls of enchant armour {unknown}
 q - 2 scrolls of magic mapping {unknown}
 A - a scroll of teleportation {unknown}
 C - a scroll of blinking {unknown}
 D - a scroll of recharging {unknown}
Potions
 j - a potion of haste {unknown}
 l - 2 potions of mutation {unknown}
 m - 2 potions of curing
 u - 2 potions of degeneration {unknown}
 x - 2 potions of heal wounds {unknown}
Books
 y - a book of Air

   Spells                             Type                      Level
   a - Shock                          Conjuration/Air              1
   b - Swiftness                      Charms/Air                   2
   c - Repel Missiles                 Charms/Air                   2
   d - Static Discharge               Conjuration/Air              3
   e - Lightning Bolt                 Conjuration/Air              5
 B - a book of the Dragon

   Spells                             Type                      Level
   a - Flame Tongue                   Conjuration/Fire             1
   b - Cause Fear                     Hexes                        4
   c - Bolt of Fire                   Conjuration/Fire             6
   d - Dragon Form                    Transmutation                7
   e - Dragon's Call                  Summoning                    9
Comestibles
 b - 2 meat rations
 F - a slice of pizza
 I - a beef jerky
 J - a royal jelly


   Skills:
 + Level 7.4 Fighting
 + Level 6.3 Dodging
 + Level 7.5 Stealth
 + Level 9.0 Unarmed Combat
 + Level 4.0 Spellcasting
 + Level 4.1 Charms
 + Level 4.8 Evocations


You had 15 spell levels left.
You knew the following spells:

 Your Spells              Type           Power        Failure   Level  Hunger
a - Swiftness             Chrm/Air       #.......     10%         2    ###....


Dungeon Overview and Level Annotations

Branches:
Dungeon (8/15)             Temple (1/1) D:5
   Lair: D:8-11

Altars:
Ashenzari
Cheibriados
Elyvilon
Fedhas
Gozag
Kikubaaqudgha
Makhleb
Nemelex Xobeh
Okawaru
Pakellas
Ru
Sif Muna
Trog
Vehumet
Xom
Yredelemnul
Zin
The Shining One
Lugonu

Shops:
D:7 *   D:8 %*

Annotations:
D:5 exclusion: statue


Innate Abilities, Weirdness & Mutations

Your body is rotting away.
You thrive on raw meat.
You are immune to poison.
You have sharp fingernails.
You are carnivorous and can eat meat at any time.
Your flesh is cold resistant.
You are immune to negative energy.
You regenerate slowly when monsters are visible.
You are immune to unholy pain and torment.
You can survive without breathing.
You take slightly more damage. (AC -3)


Message History

You scratch the griffon.
You kill the griffon!
Your Unarmed Combat skill increases to level 9!
Your Spellcasting skill increases to level 4!
You start to feel a little slower.
There are monsters nearby!
Zapping:
H - a wand of paralysis (will waste charges)
Press: ? - help, Shift-Dir - straight line, f - griffon
Aim: a griffon (chance to defeat MR: 38%)
The griffon resists with some effort.
Evoking this partially-identified wand wasted a few charges.
The polar bear begins to attack, but is stunned by your will!
You claw the griffon!
The griffon is lightly wounded.
The griffon bites you!
* * * LOW HITPOINT WARNING * * *
The griffon pecks you!
* * * LOW HITPOINT WARNING * * *
The griffon claws you.
You die...

#....#########....########.######
#......................÷.........
#.#...................####.##..##
#.#(###########.......# #.#.....
#.#...........Y#.#....####...###.
#.#...........YhH#....#......# #.
#.#.#.........hhh#....#......###'
#.#.####''hH####H#....#........'_
#.#.##...hYhhH##@#....#......####
#.#.##..(..hhh##.######......# ##
..#.##......Y.##.# #......####
###..#........##.# #..........
##.#.h......##.# ###........
####.###########.# ######........
#..............#.# #...##........
#...##########.#.# #...##........
.................###...##...###.#


You could see a griffon, a polar bear, a hippogriff, a hog, a black bear and 2
sheep.

Vanquished Creatures
  A griffon (D:7)
  A two-headed ogre (D:8)
  Grinder (D:4)
  Sigmund (D:5)
  A hippogriff (D:7)
  A hungry ghost (D:8)
  Menkaure (D:6)
  3 black bears
  An ice beast (D:6)
  3 phantoms
  A sky beast (D:7)
  A necrophage (D:5)
  6 ogres
  2 centaurs
  A big kobold (D:8)
  8 giant frogs
  A gnoll sergeant (D:6)
  4 scorpions
  8 wights (D:6)
  5 killer bees (D:8)
  4 jellies (D:6)
  A howler monkey (D:4)
  4 crimson imps
  A centaur zombie (D:8)
  A giant frog zombie (D:8)
  A centaur skeleton (D:3)
  An orc priest (D:5)
  8 hounds
  An orc wizard (D:7)
  Crazy Yiuf (D:4)
  A giant frog skeleton (D:6)
  An iguana (D:6)
  7 worker ants
  A hound zombie (D:3)
  2 hound skeletons
  2 howler monkey zombies
  A worker ant zombie (D:3)
  7 adders
  4 gnolls (D:6)
  A howler monkey skeleton (D:6)
  4 shadow imps
  An ooze (D:5)
  3 adder zombies
  2 worms
  2 dart slugs
  7 giant geckos
  15 orcs
  3 giant cockroaches
  5 goblins
  8 hobgoblins
  12 jackals
  3 quokkas
  7 bats
  2 giant gecko skeletons (D:3)
  3 giant newts
  A jackal skeleton (D:7)
  15 kobolds
  A quokka skeleton (D:3)
  7 rats
  A demonic plant (Temple)
  2 withered plants (D:3)
205 creatures vanquished.

Notes
Turn   | Place    | Note
--------------------------------------------------------------
     0 | D:1      | m0ast the Ghoul Monk began the quest for the Orb.
     0 | D:1      | Reached XP level 1. HP: 19/19 MP: 0/0
   320 | D:1      | Reached XP level 2. HP: 26/26 MP: 1/1
  1147 | D:2      | Reached XP level 3. HP: 30/33 MP: 2/2
  1509 | D:2      | Reached XP level 4. HP: 29/40 MP: 3/3
  1974 | D:2      | Found an iron altar of Okawaru.
  2327 | D:2      | Found a deep blue altar of Sif Muna.
  2554 | D:3      | Reached skill level 5 in Unarmed Combat
  3070 | D:3      | Reached XP level 5. HP: 26/46 MP: 4/4
  3638 | D:4      | Found a blossoming altar of Fedhas.
  3944 | D:4      | Found a glowing golden altar of the Shining One.
  4025 | D:4      | Reached XP level 6. HP: 34/53 MP: 5/5
  4350 | D:4      | Reached skill level 6 in Unarmed Combat
  4391 | D:4      | Noticed Grinder
  4406 | D:4      | Killed Grinder
  4406 | D:4      | Reached skill level 1 in Evocations
  4406 | D:4      | Reached XP level 7. HP: 36/60 MP: 6/6
  4774 | D:4      | Noticed Crazy Yiuf
  4785 | D:4      | Killed Crazy Yiuf
  5173 | D:5      | Entered Level 5 of the Dungeon
  5239 | D:5      | Found a sparkling altar of Nemelex Xobeh.
  5343 | D:5      | Learned a level 2 spell: Swiftness
  5527 | D:5      | Found a radiant altar of Vehumet.
  5617 | D:5      | Reached skill level 5 in Fighting
  5617 | D:5      | Reached skill level 1 in Spellcasting
  5724 | D:5      | Found a shimmering altar of Xom.
  5843 | D:5      | Reached skill level 7 in Unarmed Combat
  5843 | D:5      | Reached skill level 1 in Charms
  5843 | D:5      | Reached XP level 8. HP: 35/68 MP: 8/8
  5852 | D:5      | Reached skill level 5 in Stealth
  5979 | D:5      | Found a staircase to the Ecumenical Temple.
  5988 | Temple   | Entered the Ecumenical Temple
  6359 | D:5      | Noticed Sigmund
  6378 | D:5      | Killed Sigmund
  6661 | D:5      | You fall through a shaft!
  7598 | D:6      | Reached skill level 5 in Dodging
  8146 | D:6      | Reached XP level 9. HP: 30/75 MP: 11/11
  8885 | D:6      | Found a bloodstained altar of Trog.
  8921 | D:6      | Noticed Menkaure
  8931 | D:6      | Killed Menkaure
  9777 | D:6      | Reached skill level 8 in Unarmed Combat
 10534 | D:7      | Found Qoodus's General Store.
 10617 | D:7      | Found a white marble altar of Elyvilon.
 10727 | D:7      | Reached XP level 10. HP: 65/80 MP: 13/13
 10872 | D:7      | Noticed a griffon
 10873 | D:7      | Found a huge runed gate.
 10879 | D:7      | Found a huge runed gate.
 10879 | D:7      | Found a huge runed gate.
 10944 | D:7      | Found a huge runed gate.
 10944 | D:7      | Noticed a griffon
 11923 | D:8      | Found a sacrificial altar of Ru.
 12029 | D:8      | Became a worshipper of Ru the Awakened
 12033 | D:8      | Gained mutation: You take slightly more damage. (AC -3) [Ru sacrifice]
 12033 | D:8      | Reached * piety under Ru
 12206 | D:8      | Found Xenuov's Food Emporium.
 12233 | D:8      | Bought a royal jelly for 20 gold pieces
 12303 | D:8      | Found Jauhialoe's Assorted Antiques.
 12402 | D:8      | Found a glowing silver altar of Zin.
 12821 | D:7      | Killed a griffon
 12821 | D:7      | Reached skill level 9 in Unarmed Combat
 12823 | D:7      | HP: 1/86 [griffon (7)]
 12823 | D:7      | Slain by a griffon

Skill      XL: |  1  2  3  4  5  6  7  8  9 10 |
---------------+-------------------------------+-----
Dodging        | 3 4 5 6 |  6.3
Fighting       | 4 5 6 7 |  7.4
Stealth        | 3 4 5 6 7 |  7.5
Unarmed Combat | 5 6 7 8 9 |  9.0
Evocations     | 1 3 4 |  4.8
Spellcasting   | 1 2 3 4 |  4.0
Charms         | 1 2 3 4 |  4.1

Action                   |  1- 3 |  4- 6 |  7- 9 | 10-12 || total
-------------------------+-------+-------+-------+-------++-------
Melee: Unarmed           |    96 |   193 |   441 |   197 ||   927
       Punch             |     2 |     9 |    12 |    10 ||    33
 Cast: Swiftness         |       |       |       |     2 ||     2
Invok: Sacrifice Health  |       |       |       |     1 ||     1
Evoke: Wand              |       |       |     1 |     1 ||     2
  Use: Scroll            |       |     1 |     4 |       ||     5
       Potion            |       |       |       |     2 ||     2
 Stab: Sleeping          |     7 |     2 |     3 |     6 ||    18
       Distracted        |       |     1 |     1 |       ||     2
  Eat: Chunk             |    10 |    17 |    22 |    30 ||    79
       Royal jelly       |       |       |     1 |       ||     1
Armor: Robe              |    15 |    24 |    26 |    47 ||   112
Dodge: Dodged            |    69 |   101 |   222 |   169 ||   561
